 Dungeon Crawl Stone Soup version 0.30-a0-622-gddc90eaa04 (webtiles) character file.

Game seed: 3520574879346608613

350 hikkokomori the Shield-Bearer (level 6, 0/40 HPs)
             Began as a Gargoyle Fighter on Jan 11, 2023.
             Was an Initiate of Okawaru.
             Slain by an ogre
             ... wielding a +0 giant spiked club
              (12 damage)
             ... on level 4 of the Dungeon.
             The game lasted 00:05:43 (4274 turns).

hikkokomori the Shield-Bearer (Gargoyle Fighter)    Turns: 4274, Time: 00:05:44

Health: 0/40       AC: 16    Str: 22    XL:     6   Next: 61%
Magic:  6/6        EV:  6    Int:  8    God:    Okawaru [......]
Gold:   267        SH:  4    Dex:  9    Spells: 5/5 levels left

rFire   . . .      SeeInvis .    a - +0 war axe
rCold   . . .      Faith    .    c - +0 buckler
rNeg    + . .      Spirit   .    h - +0 plate armour
rPois   ∞          Reflect  .    (no helmet)
rElec   +          Harm     .    (no cloak)
rCorr   .          Rampage  .    (no gloves)
Will    .....                    (no boots) Stlth
                                 f - amulet of magic regeneration
HPRegen 0.26/turn                (no ring)
MPRegen 0.50/turn                (no ring)

@: no status effects
A: sickness immunity, AC +4, negative energy resistance 1, electricity
resistance, torment resistance 1, petrification resistance
a: Renounce Religion


You were on level 4 of the Dungeon.
You worshipped Okawaru.
Okawaru was noncommittal.
You visited 1 branch of the dungeon, and saw 4 of its levels.
You also visited: Sewer.

You collected 267 gold pieces.

Inventory:

Hand Weapons
 a - a +0 war axe (weapon)
 o - the +5 short sword of Bright Watchfulness {heavy, rF++}
   (You found it on level 3 of the Dungeon)

   rF:        It greatly protects you from fire.
Armour
 b - a +0 scale mail
 c - a +0 buckler (worn)
 h - a +0 plate armour (worn)
Jewellery
 f - an amulet of magic regeneration (around neck)
Scrolls
 k - 2 scrolls of enchant armour {unknown}
 m - 2 scrolls of silence {unknown}
 n - a scroll of fear {unknown}
 p - 2 scrolls of identify
Potions
 d - 5 potions of might
 e - a potion of curing
 g - 2 potions of mutation {unknown}
 i - a potion of degeneration {unknown}
 j - a potion of attraction {unknown}
 l - 2 potions of brilliance {unknown}


   Skills:
 + Level 4.9 Fighting
 + Level 3.5 Axes
 - Level 4.5 Armour
 + Level 4.9 Shields


You had 5 spell levels left.
You didn't know any spells.
Your spell library contained the following spells:

 Spells                   Type           Power      Damage    Failure   Level
 Freeze                   Ice            0%         1d3       100%        1
 Frozen Ramparts          Ice            0%         1d1       100%        3
 Hailstorm                Conj/Ice       0%         3d3       100%        3


Dungeon Overview and Level Annotations

Branches:
Dungeon (4/15)              Sewer (visited)
 Temple: D:4-7

Altars:
Okawaru


Innate Abilities, Weirdness & Mutations

You are immune to sickness and miasma.
Your stone body is resilient. (AC +4)
You are immune to poison.
You resist negative energy. (rN+)
You are resistant to electric shocks. (rElec)
You are resistant to unholy torment.
You are immune to petrification.


Message History

No target in view!
No target in view!
No target in view!
No target in view!
No target in view!
No target in view!
No target in view!
No target in view!
No target in view!
No target in view!
No target in view!
No target in view!
No target in view!
No target in view!
Things that are here:
a +0 club; a +0 sling An ogre comes into view.
It is wielding a +0 giant spiked club.
An ogre is nearby!
An ogre is nearby!
An ogre is nearby!
The ogre shouts!
Okay, then.
You aren't carrying any items that you can evoke.
You have nothing you can fire or use right now.
You hit the ogre.
The ogre is lightly wounded.
The ogre hits you with a +0 giant spiked club!
You hit the ogre.
The ogre is moderately wounded.
The ogre hits you with a +0 giant spiked club!
* * * LOW HITPOINT WARNING * * *
You are too injured to fight recklessly!
You hit the ogre.
The ogre is moderately wounded.
The ogre hits you with a +0 giant spiked club.
* * * LOW HITPOINT WARNING * * *
You hit the ogre.
The ogre is heavily wounded.
The ogre hits you with a +0 giant spiked club!
You die...

.........#..
................ #####
................##...#
###..................##
......................#
.....................#
.###.................#
.##....#.............#
.#....###......O@...#
.......###.##.......##
...#...##............##
..##....#..#####.##...##
...##..#...#####..##...#
.......#...............#
.......#..####.......######
###.#...... ###...).###..##
##...#..^...#.....##..#....#


You could see an ogre.

Vanquished Creatures
  4 jellies
  2 orc wizards (D:4)
  2 adders
  2 river rats
  A white imp (D:4)
  An ufetubus (D:4)
  A worm (D:2)
  A dart slug (D:1)
  7 orcs
  5 ball pythons
  8 bats
  29 endoplasms
  7 giant cockroaches
  6 goblins
  7 hobgoblins
  2 jackals (D:1)
  A quokka (D:1)
  11 frilled lizards
  3 kobolds
  10 rats
110 creatures vanquished.

Vanquished Creatures (others)
  4 toadstools (D:1)
4 creatures vanquished.

Grand Total: 114 creatures vanquished

Notes
Turn   | Place    | Note
-------+----------+-------------------------------------------
     0 | D:1      | hikkokomori the Gargoyle Fighter began the quest for the
                  | Orb.
     0 | D:1      | Reached XP level 1. HP: 14/14 MP: 1/1
    81 | D:1      | Found a faded altar of an unknown god.
    89 | D:1      | Reached XP level 2. HP: 19/19 MP: 2/2
   653 | D:1      | Reached XP level 3. HP: 24/24 MP: 3/3
  1093 | D:2      | Found an iron altar of Okawaru.
  1276 | D:2      | Became a worshipper of Warmaster Okawaru
  1822 | D:2      | Reached XP level 4. HP: 29/29 MP: 4/4
  2407 | D:3      | Found a glowing drain.
  2423 | Sewer    | Entered a sewer
  2576 | Sewer    | Reached XP level 5. HP: 31/33 MP: 5/5
  2640 | Sewer    | Found a viscous altar of Jiyva.
  3319 | D:3      | Reached XP level 6. HP: 39/39 MP: 6/6
  3488 | D:3      | Identified the +5 short sword of Bright Watchfulness
                  | {heavy, rF++}
  4274 | D:4      | Slain by an ogre

Illustrated notes

Levels and vault maps discovered:
D:1:      dpeg_arrival_subterranean_lakeside_camping, layout_basic,
          hellmonk_ecumenical_altar_arch_garden, minmay_gold_behind_fungi
D:2:      layout_basic, basic_altar
D:3:      layout_basic, portal_sewer_entry_b, kennysheep_generic_room_13
D:4:      layout_cave_pools, nicolae_gozag_cash_rules_everything_around_me,
          minmay_temple_entry_tees, serial_shops, nicolae_shop_window_shopping,
          minmay_manual_mares

Skill      XL: |  1  2  3  4  5 |
---------------+----------------+-----
Axes           | 2 3 |  3.5
Shields        | 4 |  4.9
Armour         | 4 |  4.5
Fighting       | 4 |  4.9

Action                   |  1- 3 |  4- 6 || total
-------------------------+-------+-------++-------
Melee: War axe           |   118 |   176 ||   294
  Use: Scroll            |     1 |     3 ||     4
       Potion            |       |     1 ||     1
Armor: Scale mail        |    61 |    26 ||    87
       Plate armour      |       |    92 ||    92
Dodge: Dodged            |    52 |    56 ||   108
Block: Buckler           |    27 |    27 ||    54

Table legend: (Time is in decaauts)
 A = Elapsed time spent in this place.
 B = Non-inter-level travel time spent in this place.
 C = Inter-level travel time spent in this place.
 D = Time resting spent in this place.
 E = Time spent auto-exploring this place.
 F = Levels seen in this place.
 G = Mean time per level.
                   A        B        C        D        E       F      G
               +--------+--------+--------+--------+--------+-----+--------+
         Total |   4429 |   4115 |    314 |    141 |   3033 |   5 |  885.8 |
       Dungeon |   3820 |   3506 |    314 |     51 |   2687 |   4 |  955.0 |
         Sewer |    608 |    608 |      0 |     90 |    346 |   1 |  608.0 |
               +--------+--------+--------+--------+--------+-----+--------+

Top non-repeatable levels by time:
     D:3: 1460 daAuts
     D:1: 1030 daAuts
     D:2: 1021 daAuts
   Sewer: 608 daAuts
     D:4: 308 daAuts
